 Dungeon Crawl Stone Soup version 0.30.2 (webtiles) character file.

Game seed: 17718107052371893027

18 reshaube the Shooter (level 2, 0/16 HPs)
             Began as a Kobold Hexslinger on Feb 4, 2024.
             Slain by a bat (1 damage)
             ... on level 1 of the Dungeon.
             The game lasted 00:06:31 (550 turns).

reshaube the Shooter (Kobold Hexslinger)             Turns: 550, Time: 00:06:31

Health: 0/16       AC:  2    Str:  7    XL:     2   Next: 90%
Magic:  3/3        EV: 15    Int: 14    God:
Gold:   41         SH:  0    Dex: 15    Spells: 2/3 levels left

rFire   . . .        f - +0 spear
rCold   . . .        (no shield)
rNeg    . . .        c - +0 robe
rPois   .            (no helmet)
rElec   .            (no cloak)
rCorr   .            (no gloves)
SInv    .            (no boots)
Will    .....        (no amulet)
Stlth   ++           (no ring)
HPRegen 0.22/turn    (no ring)
MPRegen 0.08/turn

%: no passive effects
@: no status effects
A: small, no large weapons, nightstalker 3
a: no special abilities


You were on level 1 of the Dungeon.
You visited 1 branch of the dungeon, and saw 2 of its levels.

You collected 41 gold pieces.

Inventory:

Hand Weapons
 a - a +1 sling
 f - a +0 spear (weapon)
Armour
 c - a +0 robe (worn)
Jewellery
 g - a ring of willpower
Scrolls
 b - a scroll of poison
 d - a scroll of enchant armour {unknown}
 h - a scroll of silence {unknown}
Potions
 e - a potion of magic {unknown}


   Skills:
 + Level 1.1 Fighting
 + Level 3.4 Ranged Weapons
 + Level 2.8 Dodging
 + Level 1.1 Spellcasting
 + Level 3.2 Hexes


You had 2 spell levels left.
You knew the following spells:

 Your Spells              Type           Power      Damage    Failure   Level
a - Slow                  Hex            36%        N/A       7%          1

Your spell library contained the following spells:

 Spells                   Type           Power      Damage    Failure   Level
 Inner Flame              Hex/Fire       5%         N/A       36%         3
 Portal Projectile        Hex/Tloc       10%        N/A       36%         3
 Cause Fear               Hex            4%         N/A       56%         4


Dungeon Overview and Level Annotations

Branches:
Dungeon (2/15)

Altars:


Innate Abilities, Weirdness & Mutations

You are small and have problems with some larger weapons.
You are completely attuned to the shadows.


Message History

There is a stone staircase leading down here.
You barely miss the bat. The bat hits you but does no damage.
The hobgoblin barely misses you.
The hobgoblin hits you but does no damage.
You hit the bat.
The bat is moderately wounded.
The bat barely misses you. The hobgoblin barely misses you.
The bat hits you but does no damage. The hobgoblin barely misses you.
The bat hits you. The hobgoblin hits you.
You hit the bat.
The bat is severely wounded.
The bat misses you.
The hobgoblin hits you but does no damage.
The bat hits you but does no damage. The bat closely misses you.
The bat barely misses you.
You hit the hobgoblin.
The hobgoblin is heavily wounded.
The bat hits you. x2
The hobgoblin hits you but does no damage.
You hit the hobgoblin.
The hobgoblin is severely wounded.
The bat hits you but does no damage. The hobgoblin misses you.
The bat closely misses you. The hobgoblin hits you.
You barely miss the bat.
The bat is severely wounded.
The bat hits you but does no damage. The hobgoblin hits you.
* * * LOW HITPOINT WARNING * * *
The hobgoblin attacks as you move away! The hobgoblin misses you.
The bat hits you but does no damage.
You hit the bat but do no damage.
The bat is severely wounded.
The bat closely misses you. The hobgoblin hits you.
* * * LOW HITPOINT WARNING * * *
The bat completely misses you.
You hit the hobgoblin.
You kill the hobgoblin!
The bat misses you. The bat hits you.
* * * LOW HITPOINT WARNING * * *
The bat hits you.
You die...

#.# #..
#.################
#.................
#..#######....###
#..#####...##.#####
.####........####......
....>...##### ###..##
.###.b@#### #....#
#....... .......
#.#.###. ### ..####.
#.#.# #.###.## #. # #..
#......# #.
##.########.#....###(
..... ......##....##.
#..######†.##.......
#......#.####...#.#


You could see a bat.

Vanquished Creatures
  3 bats (D:1)
  An endoplasm (D:1)
  5 hobgoblins (D:1)
  A quokka (D:1)
  A ball python (D:1)
  2 frilled lizards
  2 goblins (D:1)
  A kobold (D:1)
  A rat (D:1)
17 creatures vanquished.

Notes
Turn   | Place    | Note
-------+----------+-------------------------------------------
     0 | D:1      | reshaube the Kobold Hexslinger began the quest for the Orb.
     0 | D:1      | Reached XP level 1. HP: 12/12 MP: 2/2
    86 | D:1      | Reached XP level 2. HP: 6/16 MP: 3/3
   550 | D:1      | Slain by a bat

Illustrated notes

Levels and vault maps discovered:
D:1:      dpeg_arrival_arbitrary_b, layout_basic,
          shapermc_ecumenical_altar_totnotflames, hex_large
D:2:      layout_loops_cross

Skill      XL: |  1 |
---------------+----+-----
Ranged Weapons | 3 |  3.4
Fighting       | |  1.1
Dodging        | |  2.8
Spellcasting   | |  1.1
Hexes          | |  3.2

Action                     || total
---------------------------++-------
  Melee: Spear             ||    18
   Fire: Sling             ||    33
   Stab: Sleeping          ||     2
 Armour: Robe              ||    16
  Dodge: Dodged            ||    48
